 Dungeon Crawl Stone Soup version 0.25-a0-420-g1cc7eeb0d1 (webtiles) character file.

Game seed: 8353876207629915158, levelgen mode: deterministic

39 ReteAZ the Chopper (level 3, 0/31 HPs)
             Began as a Minotaur Monk on Jan 19, 2020.
             Slain by a worm (6 damage)
             ... on level 2 of the Dungeon.
             The game lasted 00:01:45 (1036 turns).

ReteAZ the Chopper (Minotaur Monk)                  Turns: 1036, Time: 00:01:45

Health: 0/31       AC:  3    Str: 16    XL:     3   Next: 26%
Magic:  2/2        EV: 13    Int:  7    God:
Gold:   79         SH:  0    Dex: 12    Spells: 2/2 levels left

rFire    . . .     SeeInvis .   a - +0 hand axe
rCold    . . .     Gourm    .   (no shield)
rNeg     . . .     Faith    .   b - +0 robe
rPois    .         Spirit   .   (helmet restricted)
rElec    .         Reflect  .   (no cloak)
rCorr    .         Harm     .   (no gloves)
MR       .....                  h - +0 pair of boots
Stlth    ++........             (no amulet)
HPRegen  0.10/turn              (no ring)
MPRegen  0.08/turn              (no ring)

@: no status effects
A: retaliatory headbutt, horns 2
a: no special abilities


You were on level 2 of the Dungeon.
You were not hungry.

You visited 1 branch of the dungeon, and saw 2 of its levels.

You collected 79 gold pieces.

Inventory:

Hand Weapons
 a - a +0 hand axe (weapon)
Missiles
 f - 4 datura-tipped darts (quivered)
Armour
 b - a +0 robe (worn)
 h - a +0 pair of boots (worn)
Jewellery
 k - an uncursed ring of wizardry {unknown}
Scrolls
 d - a scroll of remove curse {unknown}
 i - a scroll of fear {unknown}
Potions
 e - a potion of magic {unknown}
 j - a potion of resistance {unknown}
 l - a potion of heal wounds {unknown}
Comestibles
 c - 4 rations
 g - 2 chunks of flesh


   Skills:
 - Level 3.6 Fighting
 * Level 5.3 Axes
 - Level 3.2 Dodging
 - Level 1.5 Stealth


You had 2 spell levels left.
You didn't know any spells.
Your spell library was empty.

Dungeon Overview and Level Annotations

Branches:
Dungeon (2/15)

Altars:


Innate Abilities, Weirdness & Mutations

You reflexively headbutt those who attack you in melee.
You have a pair of horns on your head.


Message History

The datura-tipped dart barely misses the worm.
Throwing (i - inventory)
f - 5 datura-tipped darts (quivered)
Press: ? - help, Shift-Dir - straight line, f/p - worm
Aim: a worm (chance to frenzy on hit: 61%)
You throw a datura-tipped dart. The datura-tipped dart hits the worm.
The worm flies into a frenzy!
You see here a short sword.
The worm is no longer moving quickly.
The worm no longer looks unusually strong.
The worm is no longer in an insane frenzy.
You hit the worm but do no damage. You headbutt the worm!
The worm is moderately wounded.
The worm bites you!
* * * LOW HITPOINT WARNING * * *
You barely miss the worm. You headbutt the worm.
The worm is heavily wounded.
You barely miss the worm.
The worm is heavily wounded.
The worm bites you.
You die...

######### ........#
########### .######.#
#.........#
.######.####.#######.#
.##......).w.....# #.#
.....##.####.###.# #.#
......#.# #.# #.# #.#
.#...##.# #.###w###.#
........# #....@....#
###.##### #####.#####
#.# #.# ##+## #.#
##...## ##.# #.....##
###..# .......##
##....#
........####....#######
........'..............


You could see a worm.

Vanquished Creatures
  2 adders (D:2)
  A leopard gecko (D:1)
  A bat (D:1)
  3 giant cockroaches
  2 goblins (D:1)
  2 hobgoblins (D:1)
  4 kobolds (D:1)
  2 ball pythons (D:1)
  A frilled lizard (D:1)
  2 rats
20 creatures vanquished.

Notes
Turn   | Place    | Note
-------+----------+-------------------------------------------
     0 | D:1      | ReteAZ the Minotaur Monk began the quest for the Orb.
     0 | D:1      | Reached XP level 1. HP: 19/19 MP: 0/0
    90 | D:1      | Reached skill level 4 in Axes
   283 | D:1      | Reached XP level 2. HP: 24/26 MP: 1/1
   744 | D:2      | Reached skill level 5 in Axes
   744 | D:2      | Reached XP level 3. HP: 18/31 MP: 2/2
  1036 | D:2      | Slain by a worm

Levels and vault maps discovered:
D:1:      lemuel_arrival_behind_the_door_large, layout_rooms
D:2:      layout_loops_corners, first_ration

Skill      XL: |  1  2 |
---------------+-------+-----
Axes           | 4 5 |  5.3
Fighting       | |  3.6
Dodging        | |  3.2
Stealth        | |  1.5

Action                   || total
-------------------------++-------
Melee: Hand axe          ||    54
       Headbutt          ||     5
Throw: Dart              ||     5
 Stab: Sleeping          ||     1
Armor: Robe              ||    11
Dodge: Dodged            ||    45

Table legend:
 A = Non-vault XP
 B = Vault XP
 C = Vault XP percentage of total XP
 D = Non-vault monster count
 E = Vault monster count
 F = Vault count percentage of total count
                 A         B        C        D         E       F
            +---------+---------+-------+---------+---------+-------
      Total |      56 |       0 |   0.0 |      20 |       0 |   0.0
            +---------+---------+-------+---------+---------+-------
        D:1 |      27 |       0 |   0.0 |      16 |       0 |   0.0
        D:2 |      29 |       0 |   0.0 |       4 |       0 |   0.0
            +---------+---------+-------+---------+---------+-------
